 Dungeon Crawl Stone Soup version 0.31-a0-331-geda263fcf1 (webtiles) character file.

Game seed: 2275783141158590690

165 Newt the Trooper (level 5, -3/44 HPs)
             Began as a Barachi Fighter on July 19, 2023.
             Constricted to death by Pikel (6 damage)
             ... on level 4 of the Dungeon.
             The game lasted 00:02:43 (3051 turns).

Newt the Trooper (Barachi Fighter)                  Turns: 3051, Time: 00:02:44

Health: -3/44      AC:  6    Str: 17    XL:     5   Next: 46%
Magic:  5/5        EV:  8    Int:  8    God:
Gold:   172        SH:  6    Dex: 14    Spells: 4/4 levels left

rFire   . . .        a - +2 long sword
rCold   . . .        c - +1 buckler
rNeg    . . .        b - +0 scale mail
rPois   .            (no helmet)
rElec   .            (no cloak)
rCorr   .            (no gloves)
SInv    .            (no boots)
Will    .....        (no amulet) Stlth
                     (no ring)
HPRegen 0.27/turn    (no ring)
MPRegen 0.09/turn

%: no passive effects
@: mighty, grasped by roots, constricted, studying Long Blades, slow
A: amphibious, slowness 1, strong legs 1, +LOS
a: Hop


You were on level 4 of the Dungeon.
You visited 1 branch of the dungeon, and saw 4 of its levels.

You collected 172 gold pieces.

Inventory:

Hand Weapons
 a - a +2 long sword (weapon)
Missiles
 g - 5 boomerangs
Armour
 b - a +0 scale mail (worn)
 c - a +1 buckler (worn)
Jewellery
 e - an amulet of faith
Wands
 k - a wand of flame (13)
Potions
 d - a potion of might
 f - a potion of curing
 i - a potion of resistance
 l - a potion of attraction
 n - a potion of heal wounds {unknown}


   Skills:
 - Level 5.0 Fighting
 - Level 2.4 Long Blades
 - Level 3.6 Armour
 + Level 4.5 Dodging
 - Level 3.2 Shields


You had 4 spell levels left.
You didn't know any spells.
Your spell library contained the following spells:

 Spells                   Type           Power      Damage    Failure   Level
 Kiss of Death            Conj/Necr      0%         2d5       88%         1
 Sublimation of Blood     Necr           0%         N/A       95%         2
 Confusing Touch          Hex            0%         N/A       99%         3
 Dispel Undead            Necr           0%         3d6       100%        4
 Petrify                  Tmut/Erth      0%         N/A       100%        4
 Irradiate                Conj/Tmut      0%         3d11      100%        5


Dungeon Overview and Level Annotations

Branches:
Dungeon (4/15)
 Temple: D:4-7

Altars:
Nemelex Xobeh
Vehumet
Wu Jian

Shops:
D:1 ?

Annotations:
D:3 3 runed translucent doors, hotbaconsauce's ghost, weakling MiFi; innerfire43's ghost, amateur DsCK
D:4 Pikel


Innate Abilities, Weirdness & Mutations

You are amphibious.
You cover ground slowly.
You can hop short distances.
You have an extended range of vision and can be seen from far away.


Message History

Pikel freezes you. The grasping roots constrict you. Pikel closely misses you.
The grasping roots constrict you.
The grasping roots release their grip on you.
You barely miss Pikel.
Pikel is moderately wounded.
Pikel hits you but does no damage.
You hit Pikel.
Pikel is heavily wounded.
You block Pikel's attack.
You closely miss Pikel.
Pikel is heavily wounded.
Pikel hits you with a +1 whip of freezing.
* * * LOW HITPOINT WARNING * * *
Pikel freezes you.
* * * LOW HITPOINT WARNING * * *
Pikel hits you with a +1 whip of freezing.
* * * LOW HITPOINT WARNING * * *
Pikel freezes you.
* * * LOW HITPOINT WARNING * * *
Unknown command.
You feel better.
Pikel zaps a wand.
The roots erupt in riotous growth!
The grasping roots grab you!
Pikel is unaffected.
The grasping roots constrict you.
* * * LOW HITPOINT WARNING * * *
Unknown command.
Unknown command.
You feel better. You block Pikel's attack. The grasping roots constrict you.
Unknown command.
You closely miss Pikel.
Pikel is heavily wounded.
Pikel hits you but does no damage. The grasping roots constrict you.
* * * LOW HITPOINT WARNING * * *
You barely miss Pikel.
Pikel is heavily wounded.
Pikel hits you with a +1 whip of freezing.
* * * LOW HITPOINT WARNING * * *
Pikel freezes you.
* * * LOW HITPOINT WARNING * * *
The grasping roots constrict you.
You die...

#..##.........#
#..##.........#
#..##.........#
#..##.........#
#..##.....?...#
#..#########..# +#.#
..#
#####.#.#########..
......(....@K5....>.
...###.#.######.##.#
#.#.# # ... ....
#.... ...... .###+#.
#. #


You could see Pikel and a lemure.

Vanquished Creatures
  A lemure (D:4)
  An orc priest (D:3)
  A hound (D:4)
  Terence (D:3)
  3 adders
  3 worms (D:2)
  4 orcs (D:3)
  2 endoplasms (D:2)
  4 giant cockroaches (D:2)
  4 hobgoblins
  3 quokkas
  5 ball pythons
  5 bats
  3 frilled lizards
  3 goblins
  2 kobolds
  4 rats
49 creatures vanquished.

Notes
Turn   | Place    | Note
-------+----------+-------------------------------------------
     0 | D:1      | Newt the Barachi Fighter began the quest for the Orb.
     0 | D:1      | Reached XP level 1. HP: 18/18 MP: 1/1
   164 | D:1      | Found The Oracle's Delphic Readings.
   579 | D:1      | Reached skill level 4 in Fighting
   864 | D:2      | Reached XP level 2. HP: 20/25 MP: 2/2
  1236 | D:2      | Reached skill level 5 in Fighting
  1236 | D:2      | Reached XP level 3. HP: 33/33 MP: 3/3
  1276 | D:2      | Reached skill level 1 in Dodging
  1333 | D:2      | Identified a scroll of acquirement
  1354 | D:2      | Acquired a manual of Long Blades
  1501 | D:2      | Found a sparkling altar of Nemelex Xobeh.
  1740 | D:3      | Reached XP level 4. HP: 39/39 MP: 4/4
  1753 | D:3      | Noticed Terence
  1761 | D:3      | Killed Terence
  1999 | D:3      | Found an ornate altar of the Wu Jian Council.
  2041 | D:3      | Found a runed translucent gate.
  2041 | D:3      | Found a runed translucent gate.
  2041 | D:3      | Found a runed translucent gate.
  2041 | D:3      | Noticed hotbaconsauce's ghost (weakling MiFi)
  2154 | D:3      | Found a radiant altar of Vehumet.
  2175 | D:3      | Reached XP level 5. HP: 19/44 MP: 5/5
  2651 | D:3      | Noticed innerfire43's ghost (amateur DsCK)
  2957 | D:4      | Noticed a lemure
  2983 | D:4      | Killed a lemure
  3036 | D:4      | Noticed Pikel
  3043 | D:4      | Noticed a lemure
  3051 | D:4      | Constricted to death by Pikel

Illustrated notes

Levels and vault maps discovered:
D:1:      arrival_zaba_pyramid, layout_basic, nicolae_nh_oracle_at_delphi
D:2:      layout_loops_ring, basic_altar
D:3:      layout_basic, mainiacjoe_overflow_24_doors, vehumet_crystals,
          gammafunk_ghost_cemetery, uniq_terence
D:4:      cheibrodos_pilgrimage, layout_basic, led_sif_book,
          minmay_temple_entry_waves, uniq_pikel

Skill      XL: |  1  2  3  4  5 |
---------------+----------------+-----
Fighting       | 4 5 |  5.0
Dodging        | 2 3 4 |  4.5
Long Blades    | |  2.4
Armour         | |  3.6
Shields        | |  3.2

Action                     |  1- 3 |  4- 6 || total
---------------------------+-------+-------++-------
  Melee: Long sword        |    91 |    93 ||   184
  Throw: Boomerang         |       |     2 ||     2
    Use: Scroll            |     7 |     5 ||    12
         Potion            |       |     3 ||     3
 Armour: Scale mail        |    47 |    39 ||    86
  Dodge: Dodged            |    41 |    56 ||    97
  Block: Buckler           |    29 |    34 ||    63

Table legend: (Time is in decaauts)
 A = Elapsed time spent in this place.
 B = Non-inter-level travel time spent in this place.
 C = Inter-level travel time spent in this place.
 D = Time resting spent in this place.
 E = Time spent auto-exploring this place.
 F = Levels seen in this place.
 G = Mean time per level.
                   A        B        C        D        E       F      G
               +--------+--------+--------+--------+--------+-----+--------+
         Total |   3526 |   3406 |    120 |    366 |   2560 |   4 |  881.5 |
       Dungeon |   3526 |   3406 |    120 |    366 |   2560 |   4 |  881.5 |
               +--------+--------+--------+--------+--------+-----+--------+

Top non-repeatable levels by time:
     D:3: 1349 daAuts
     D:1: 1013 daAuts
     D:2: 990 daAuts
     D:4: 173 daAuts
